 Dungeon Crawl Stone Soup version 0.18.1-8-gdd0e5ea (webtiles) character file.

119 Mcjaanus the Skirmisher (level 5, 0/54 HPs)
             Began as an Ogre Monk on May 28, 2016.
             Succumbed to an adder's poison
             ... on level 3 of the Dungeon.
             The game lasted 00:39:18 (4858 turns).

Mcjaanus the Skirmisher (Ogre Monk)                 Turns: 4858, Time: 00:39:19

Health: 0/54       AC:  4    Str: 16    XL:     5   Next: 3%
Magic:  5/5        EV: 17    Int:  9    God:
Gold:   162        SH:  0    Dex: 18    Spells: 0 memorised, 4 levels left

rFire  . . .     SeeInvis .     c - +0 short sword (flame) {Alahhu akbar!}
rCold  . . .     Gourm    .     a - +1 robe
rNeg   . . .     Faith    .     (no shield)
rPois  .         Spirit   .     (helmet restricted)
rElec  .         Dismiss  .     (no cloak)
rCorr  .         Reflect  .     (gloves unavailable)
SustAt .         Harm     .     (boots unavailable)
MR     .....                    (no amulet)
Stlth  +++.......               (no ring)
                                (no ring)

@: agile, lethally poisoned (0 -> -2), not resistant to hostile enchantments,
fairly stealthy
A: unfitting armour, tough skin 1
a: no special abilities


You were on level 3 of the Dungeon.
You were not hungry.

You visited 1 branch of the dungeon, and saw 3 of its levels.

You collected 162 gold pieces.

Inventory:

Hand Weapons
 c - a +0 short sword of flaming (weapon) {Alahhu akbar!}
 d - a +2 short sword of speed
 f - a +0 mace
 g - a +0 whip
Missiles
 i - 3 needles of confusion (quivered)
Armour
 a - a +1 robe (worn)
 e - a +0 robe
Scrolls
 h - 2 scrolls of remove curse


   Skills:
 - Level 4.0 Fighting
 * Level 2.0 Short Blades
 + Level 3.5 Dodging
 - Level 1.5 Stealth
 - Level 4.0 Unarmed Combat


You had 4 spell levels left.
You didn't know any spells.

Dungeon Overview and Level Annotations

Branches:
Dungeon (3/15)

Altars:
Cheibriados


Innate Abilities, Weirdness & Mutations

You are too large for most types of armour.
You have tough skin (AC +1).


Message History

* * * LOW HITPOINT WARNING * * *
You feel sick.
* * * LOW HITPOINT WARNING * * *
You feel sick.
You spend a moment contemplating the meaning of life.
You spend a moment contemplating the meaning of life.
You spend a moment contemplating the meaning of life.
You spend a moment contemplating the meaning of life.
You spend a moment contemplating the meaning of life.
You spend a moment contemplating the meaning of life.
You spend a moment contemplating the meaning of life.
You spend a moment contemplating the meaning of life.
You spend a moment contemplating the meaning of life.
You spend a moment contemplating the meaning of life.
You spend a moment contemplating the meaning of life.
* * * LOW HITPOINT WARNING * * *
You feel sick.
* * * LOW HITPOINT WARNING * * *
You feel sick.
You die...

#.# #.#
##'##
##...##
##.....##
##.......##
#.........#
+.........+
#.....@...#
##.......##
##.....##
##...##
##+##


There were no monsters in sight!

Vanquished Creatures
  Jessica (D:2)
  3 adders
  A dart slug (D:2)
  4 giant geckos (D:2)
  11 bats
  2 giant cockroaches (D:2)
  4 goblins
  8 hobgoblins
  11 giant newts
  8 kobolds
  11 rats
64 creatures vanquished.

Notes
Turn   | Place    | Note
--------------------------------------------------------------
     0 | D:1      | Mcjaanus the Ogre Monk began the quest for the Orb.
     0 | D:1      | Reached XP level 1. HP: 24/24 MP: 1/1
   593 | D:1      | Reached XP level 2. HP: 18/32 MP: 2/2
  1613 | D:1      | Reached XP level 3. HP: 38/39 MP: 3/3
  1861 | D:2      | Reached skill level 1 in Short Blades
  2039 | D:2      | Found a snail-covered altar of Cheibriados.
  2978 | D:2      | Reached XP level 4. HP: 47/48 MP: 4/4
  3948 | D:2      | Noticed Jessica
  3955 | D:2      | Killed Jessica
  4834 | D:3      | Reached XP level 5. HP: 15/54 MP: 5/5
  4848 | D:3      | HP: 2/54 [poisoned by an adder]
  4855 | D:3      | HP: 1/54 [poisoned by an adder]
  4858 | D:3      | Succumbed to an adder's poison

Skill      XL: |  1  2  3  4 |
---------------+-------------+-----
Dodging        | 3 |  3.5
Unarmed Combat | 4 |  4.0
Short Blades   | 1 2 |  2.0
Fighting       | |  4.0
Stealth        | |  1.5

Action                   |  1- 3 |  4- 6 || total
-------------------------+-------+-------++-------
Melee: Unarmed           |    57 |       ||    57
       Short sword       |    99 |    69 ||   168
       Punch             |     1 |       ||     1
  Use: Scroll            |     4 |     1 ||     5
       Potion            |     1 |     1 ||     2
 Stab: Distracted        |       |     1 ||     1
  Eat: Beef jerky        |     1 |       ||     1
       Bread ration      |     1 |     1 ||     2
       Meat ration       |       |     1 ||     1
Armor: Robe              |    41 |    25 ||    66
Dodge: Dodged            |    58 |    28 ||    86
